 Dungeon Crawl Stone Soup version 0.29.1-4-g47bece8355 (webtiles) character file.

Game seed: 13548799080459317614

0 ChadusMaximus the Caller (level 1, 0/13 HPs)
             Began as a Human Summoner on Dec 7, 2022.
             Constricted to death by a ball python (1 damage)
             ... on level 1 of the Dungeon.
             The game lasted 00:00:03 (59 turns).

ChadusMaximus the Caller (Human Summoner)             Turns: 59, Time: 00:00:03

Health: 0/13       AC:  2    Str:  8    XL:     1   Next: 11%
Magic:  1/3        EV:  9    Int: 15    God:
Gold:   27         SH:  0    Dex: 13    Spells: 3/4 levels left

rFire   . . .      SeeInvis .   (no weapon)
rCold   . . .      Faith    .   (no shield)
rNeg    . . .      Spirit   .   a - +0 robe
rPois   .          Reflect  .   (no helmet)
rElec   .          Harm     .   (no cloak)
rCorr   .          Rampage  .   (no gloves)
Will    .....                   (no boots)
Stlth   ++........              (no amulet)
HPRegen 0.04/turn               (no ring)
MPRegen 0.08/turn               (no ring)

@: constricted
A: no striking features
a: no special abilities


You were on level 1 of the Dungeon.
You visited 1 branch of the dungeon, and saw 1 of its levels.

You collected 27 gold pieces.

Inventory:

Armour
 a - a +0 robe (worn)
Potions
 b - a potion of magic


   Skills:
 + Level 2.0 Dodging
 + Level 2.0 Stealth
 + Level 2.0 Spellcasting
 + Level 4.0 Summonings


You had 3 spell levels left.
You knew the following spells:

 Your Spells              Type           Power      Damage    Failure   Level
a - Summon Small Mammal   Summ           52%        N/A       4%          1

Your spell library contained the following spells:

 Spells                   Type           Power      Damage    Failure   Level
 Call Imp                 Summ           13%        N/A       6%          2
 Call Canine Familiar     Summ           13%        N/A       13%         3
 Summon Guardian Golem    Hex/Summ       7%         N/A       28%         3
 Summon Lightning Spire   Summ/Air       7%         N/A       67%         4


Dungeon Overview and Level Annotations

Branches:
Dungeon (1/15)

Altars:


Message History

Casting: Summon Small Mammal (safe; 4% risk of failure)
Confirm with . or Enter, or press ? or * to list all spells.
You don't know that spell.
Sorry, you're not good enough to have a special ability.
Casting: Summon Small Mammal (safe; 4% risk of failure)
Confirm with . or Enter, or press ? or * to list all spells.
The bat barely misses you.
Casting: Summon Small Mammal (safe; 4% risk of failure)
Confirm with . or Enter, or press ? or * to list all spells.
The bat hits you.
The ball python hisses angrily.
The bat completely misses you.
A kobold comes into view. It is wielding a +0 whip.
The bat hits you but does no damage.
The bat hits your quokka but does no damage.
Your rat bites the ball python.
The bat barely misses you.
Your quokka barely misses the bat.
The ball python misses you. The ball python grabs you.
The ball python constricts you. The bat barely misses your quokka.
Your rat barely misses the ball python.
The bat hits you but does no damage.
Your quokka bites the bat.
The bat hits you but does no damage. The ball python bites you.
The ball python constricts you.
Your rat barely misses the ball python.
Your quokka barely misses the bat.
The bat barely misses you. The ball python misses you.
The ball python constricts you.
Your quokka bites the bat.
The bat dies!
The kobold misses you.
Your rat closely misses the ball python.
The ball python bites you. The ball python constricts you.
Your quokka misses the ball python.
Your rat closely misses the ball python.
The kobold hits you with a +0 whip. The ball python bites you.
* * * LOW HITPOINT WARNING * * *
The ball python constricts you.
Unknown command.
Your quokka bites the ball python.
The ball python bites you.
* * * LOW HITPOINT WARNING * * *
The ball python constricts you.
You die...

#.# ........ ##.. #.#
#.^... .#.. ###.# #.....
... ..#.## ###... #..
#.#..# #... #.. #.#.##
#... #.. #.#.########'#
#..#r.####.#.##.##.....
#....S@................
......Kr.........######.
##.########.............
#.############ #.# #.#
..# ###


You could see a ball python (ally target), a kobold, a friendly quokka
(summoned) and a friendly rat (summoned).

Vanquished Creatures (collateral kills)
  A bat (D:1)
1 creature vanquished.

Notes
Turn   | Place    | Note
-------+----------+-------------------------------------------
     0 | D:1      | ChadusMaximus the Human Summoner began the quest for the
                  | Orb.
     0 | D:1      | Reached XP level 1. HP: 13/13 MP: 3/3
    59 | D:1      | Constricted to death by a ball python

Illustrated notes

Levels and vault maps discovered:
D:1:      minmay_arrival_cross, layout_loops_ring,
          shapermc_ecumenical_altar_flowoftime

Action                   || total
-------------------------++-------
 Cast: Summon Small Mamm ||     2
Armor: Robe              ||     3
Dodge: Dodged            ||     7
